 Dungeon Crawl Stone Soup version 0.25.0-1-g7eea58d2a3 (webtiles) character file.

Game seed: 789766797562730490

16992 Dirian the Fencer (level 12, -21/103 HPs)
             Began as a Minotaur Fighter on June 13, 2020.
             Was the Champion of Okawaru.
             Killed from afar by a wizard (43 damage)
             ... with a crystal spear
             ... on level 12 of the Dungeon.
             The game lasted 00:19:55 (12728 turns).

Dirian the Fencer (Minotaur Fighter)               Turns: 12728, Time: 00:19:55

Health: -21/103    AC: 14    Str: 32    XL:     12   Next: 14%
Magic:  5/5        EV:  8    Int:  5    God:    Okawaru [******]
Gold:   915        SH: 19    Dex: 10    Spells: 11/11 levels left

rFire    . . .     SeeInvis .   D - +2 demon blade (antimagic)
rCold    . . .     Gourm    .   c - +1 kite shield
rNeg     . . .     Faith    .   j - +0 chain mail
rPois    .         Spirit   .   (helmet restricted)
rElec    .         Reflect  +   p - +2 cloak {MR+}
rCorr    .         Harm     .   (no gloves)
MR       +....                  (no boots)
Stlth    ..........             B - amulet of reflection
HPRegen  0.27/turn              g - +6 ring of strength
MPRegen  0.09/turn              (no ring)

@: mighty
A: retaliatory headbutt, horns 2
a: Heroism, Finesse, Renounce Religion


You were on level 12 of the Dungeon.
You worshipped Okawaru.
Okawaru was exalted by your worship.
You were not hungry.

You visited 2 branches of the dungeon, and saw 13 of its levels.
You also visited: Sewer.

You collected 915 gold pieces.

Inventory:

Hand Weapons
 y - a +2 scimitar
 D - a +2 antimagic demon blade (weapon)
 G - the +4 great sword "Giantbane" {protect, Stlth+, unknown}
   (Okawaru gifted it to you on level 12 of the Dungeon)

   It grants its wielder temporary protection when it strikes (+7 to AC).
   It makes you more stealthy.
Armour
 c - a +1 kite shield (worn)
 j - a +0 chain mail (worn)
 p - a +2 cloak of magic resistance (worn)
Jewellery
 g - a +6 ring of strength (left hand)
 n - an uncursed ring of fire
 B - an amulet of reflection (around neck)
 C - an uncursed ring of fire
Wands
 i - a wand of flame (39)
 m - a wand of enslavement (7)
 v - a wand of clouds (10)
 A - a wand of paralysis (3)
Scrolls
 a - a scroll of vulnerability {unknown}
 f - 2 scrolls of enchant armour
 r - 4 scrolls of identify
 t - 9 scrolls of teleportation
 x - 7 scrolls of remove curse
 z - 4 scrolls of blinking
 F - a scroll of random uselessness {unknown}
Potions
 b - 2 potions of mutation
 d - 2 potions of might
 h - 2 potions of haste
 k - 2 potions of flight
 l - 2 potions of ambrosia
 o - 2 potions of magic
 q - 5 potions of curing
 s - 2 potions of lignification
 u - 2 potions of brilliance
Comestibles
 e - 23 rations
 E - 12 chunks of flesh


   Skills:
 + Level 8.9 Fighting
 * Level 15.0 Long Blades
 + Level 9.4 Armour
 + Level 11.0 Shields
 * Level 7.4 Invocations


You had 11 spell levels left.
You didn't know any spells.
Your spell library contained the following spells:

 Spells                   Type           Power        Failure   Level  Hunger
 Infusion                 Chrm           #...         97%         1    ##.....
 Shroud of Golubria       Chrm/Tloc      #.....       99%         2    ###....
 Song of Slaying          Chrm           #.......     99%         2    ###....
 Ozocubu's Armour         Chrm/Ice       #.......     100%        3    ####...
 Spectral Weapon          Hex/Chrm       #.......     100%        3    ####...


Dungeon Overview and Level Annotations

Branches:
Dungeon (12/15)            Temple (1/1) D:4            Lair (0/6) D:10
    Orc (0/2) D:9           Sewer (visited)

Altars:
Ashenzari
Cheibriados
Dithmenos
Elyvilon
Fedhas
Gozag
Hepliaklqana
Kikubaaqudgha
Makhleb
Nemelex Xobeh
Okawaru
Qazlal
Ru
Sif Muna
Trog
Uskayaw
Vehumet
Wu Jian
Xom
Yredelemnul
Zin
The Shining One

Shops:
D:4 }   D:5 =

Annotations:
D:9 exclusion: ice statue


Innate Abilities, Weirdness & Mutations

You reflexively headbutt those who attack you in melee.
You have a pair of horns on your head.


Message History

You slice something!! You closely miss something.
Something hits you but does no damage. Something bites you.
* * * LOW HITPOINT WARNING * * *
Something draws strength from your injuries!
You miss something.
The wizard shouts, "You are history!"
You barely miss something. Something hits you but does no damage.
Something bites you but does no damage.
You miss something.
The shadow imp sputters.
Something hits you.
* * * LOW HITPOINT WARNING * * *
Something bites you but does no damage.
You closely miss something. You headbutt something!
Your shield and chain mail prevent you from hitting something.
You headbutt something!
The wizard gestures at you while chanting.
The crystal spear hits you!!!
You die...

###########################
................@{pr5......
###..##############.e......
#..# #Z.###### #..# #%.#
#..# #{3# #..# #.5## # #..#
#Ye.#...e #..# #O.p..≈#
.... ......††..#§##


You could see a deep elf mage, a wizard (fast), a hell rat (summoned) and a
shadow imp.

Vanquished Creatures
  An ogre mage (D:12)
  A two-headed ogre (D:11)
  2 unseen horrors
  A deep elf archer (D:9)
  Pikel (D:6)
  A cyclops (D:12)
  An ugly thing (D:9)
  A manticore (D:11)
  A gargoyle (D:11)
  Psyche (D:11)
  A centaur skeleton (D:11)
  3 trolls
  2 hippogriffs
  A vampire (D:12)
  A spriggan (D:9)
  21 yaks
  A hungry ghost (D:10)
  3 wargs (D:10)
  A water moccasin (D:9)
  2 ice beasts
  5 orc warriors
  Purgy (Sewer)
  4 necrophages (D:7)
  4 phantoms
  4 sky beasts
  3 ogres
  4 centaurs
  2 crocodiles (D:12)
  A big kobold (D:10)
  8 bullfrogs
  6 scorpions
  20 killer bees
  A wight (D:9)
  3 bullfrog zombies
  3 howler monkeys
  A centaur zombie (D:7)
  8 crimson imps
  A bullfrog skeleton (D:12)
  5 jellies
  2 orc priests
  Crazy Yiuf (D:3)
  A gnoll shaman (D:10)
  7 hounds
  12 orc wizards
  7 iguanas
  14 worker ants
  A hound zombie (D:5)
  A hound skeleton (D:11)
  4 gnolls (D:3)
  A worker ant zombie (D:7)
  A howler monkey skeleton (D:6)
  2 river rats (D:5)
  17 adders
  2 shadow imps
  An ooze (D:1)
  2 adder zombies
  6 adder skeletons
  4 worms
  2 dart slugs
  11 leopard geckos
  37 orcs
  3 ball pythons
  6 giant cockroaches
  8 goblins
  9 hobgoblins
  15 jackals
  11 kobolds
  8 quokkas
  8 bats
  9 frilled lizards
  2 gnoll zombies (D:7)
  2 quokka zombies
  6 rats
354 creatures vanquished.

Vanquished Creatures (others)
  A bush (D:7)
  6 plants (D:7)
7 creatures vanquished.

Grand Total: 361 creatures vanquished

Notes
Turn   | Place    | Note
-------+----------+-------------------------------------------
     0 | D:1      | Dirian the Minotaur Fighter began the quest for the Orb.
     0 | D:1      | Reached XP level 1. HP: 19/19 MP: 0/0
    16 | D:1      | Noticed a merfolk zombie
   188 | D:1      | Reached XP level 2. HP: 25/27 MP: 1/1
   362 | D:1      | Reached skill level 3 in Long Blades
   556 | D:1      | Reached XP level 3. HP: 30/33 MP: 2/2
  1033 | D:2      | Noticed a +0 hand axe
  1033 | D:2      | Noticed a +0 dagger
  1037 | D:2      | Found a hide-covered altar of Uskayaw.
  1637 | D:2      | Reached XP level 4. HP: 37/40 MP: 3/3
  1773 | D:2      | Found a blossoming altar of Fedhas.
  1861 | D:2      | Reached skill level 4 in Long Blades
  2036 | D:3      | Found a glowing golden altar of the Shining One.
  2043 | D:3      | Found a hazy altar of Hepliaklqana.
  2043 | D:3      | Found a shadowy altar of Dithmenos.
  2046 | D:3      | Found an opulent altar of Gozag.
  2071 | D:3      | Found a stormy altar of Qazlal.
  2121 | D:3      | Found a sparkling altar of Nemelex Xobeh.
  2360 | D:3      | Reached XP level 5. HP: 25/46 MP: 4/4
  2821 | D:3      | Reached skill level 5 in Long Blades
  2917 | D:3      | Found a runed translucent door.
  2918 | D:3      | Noticed Crazy Yiuf
  2924 | D:3      | Killed Crazy Yiuf
  3136 | D:4      | Reached XP level 6. HP: 38/53 MP: 5/5
  3402 | D:4      | Found Kamia's Gadget Emporium.
  3551 | D:4      | Found a staircase to the Ecumenical Temple.
  3665 | Temple   | Entered the Ecumenical Temple
  3753 | Temple   | Became a worshipper of Warmaster Okawaru
  3817 | D:5      | Entered Level 5 of the Dungeon
  3817 | D:5      | Found Lewn's Jewellery Shop.
  3889 | D:5      | Reached skill level 5 in Armour
  3950 | D:5      | Reached skill level 6 in Long Blades
  3950 | D:5      | Reached skill level 5 in Shields
  4161 | D:5      | Reached XP level 7. HP: 54/60 MP: 6/6
  4421 | D:5      | Found a glowing drain.
  4425 | Sewer    | Entered a sewer
  4449 | Sewer    | Reached skill level 7 in Long Blades
  4450 | Sewer    | Noticed Purgy
  4459 | Sewer    | Killed Purgy
  4865 | D:6      | Noticed Pikel
  5070 | D:6      | Reached * piety under Okawaru
  5179 | D:6      | Reached skill level 5 in Fighting
  5179 | D:6      | Reached skill level 8 in Long Blades
  5179 | D:6      | Reached skill level 1 in Invocations
  5356 | D:6      | Killed Pikel
  5356 | D:6      | Reached ** piety under Okawaru
  5356 | D:6      | Reached skill level 9 in Long Blades
  5356 | D:6      | Reached XP level 8. HP: 66/68 MP: 6/8
  6166 | D:7      | Found a sacrificial altar of Ru.
  6409 | D:7      | Found a basalt altar of Yredelemnul.
  6488 | D:7      | Reached skill level 10 in Long Blades
  6750 | D:7      | Reached XP level 9. HP: 48/74 MP: 10/10
  6752 | D:7      | Reached *** piety under Okawaru
  7161 | D:7      | Found a blossoming altar of Fedhas.
  7544 | D:7      | Reached skill level 11 in Long Blades
  7566 | D:7      | Reached **** piety under Okawaru
  8714 | D:9      | Reached XP level 10. HP: 83/83 MP: 12/12
  8759 | D:9      | Found a shimmering blue altar of Sif Muna.
  8799 | D:9      | Reached skill level 12 in Long Blades
  8874 | D:9      | Found a staircase to the Orcish Mines.
  8985 | D:9      | Found a bloodstained altar of Trog.
  9218 | D:9      | Noticed an ice statue
  9224 | D:9      | Reached ***** piety under Okawaru
  9252 | D:9      | Noticed a deep elf archer
  9253 | D:9      | Noticed a purple ugly thing
  9266 | D:9      | Killed a purple ugly thing
  9287 | D:9      | Killed a deep elf archer
  9287 | D:9      | Reached skill level 5 in Invocations
  9713 | D:9      | Reached skill level 13 in Long Blades
  9845 | D:10     | Entered Level 10 of the Dungeon
  9846 | D:10     | Found a staircase to the Lair.
 10278 | D:10     | Reached XP level 11. HP: 88/91 MP: 14/14
 11314 | D:11     | Reached skill level 14 in Long Blades
 11407 | D:11     | Noticed a two-headed ogre
 11417 | D:11     | Killed a two-headed ogre
 11417 | D:11     | Reached ****** piety under Okawaru
 11424 | D:11     | Received a gift from Okawaru
 11490 | D:11     | Killed an unseen horror
 11594 | D:11     | Noticed Psyche
 11607 | D:11     | Killed Psyche
 11846 | D:11     | Reached skill level 10 in Shields
 12586 | D:12     | Received a gift from Okawaru
 12587 | D:12     | Got an ebony great sword {god gift}
 12656 | D:12     | Noticed a deep elf mage
 12656 | D:12     | Noticed an ogre mage
 12663 | D:12     | Noticed a sixfirhy
 12663 | D:12     | Noticed a wizard
 12679 | D:12     | Killed an unseen horror
 12679 | D:12     | Reached XP level 12. HP: 37/102 MP: 3/16
 12686 | D:12     | Noticed a vampire mage
 12709 | D:12     | Killed an ogre mage
 12709 | D:12     | Reached skill level 15 in Long Blades
 12728 | D:12     | Killed from afar by a wizard

Illustrated notes

Levels and vault maps discovered:
D:1:      shiori_arrival_whats_in_store_for_you, layout_basic
D:2:      layout_basic, dancing_weapons_uskayaw, nicolae_overflow_hidden_temple,
          first_ration
D:3:      layout_rooms, nemelex_xobeh_ov_fountains_minmay,
          minmay_overflow_temple_star_hex, uniq_crazy_yiuf_cottage
D:4:      layout_rooms, minmay_temple_entry_metal_lava, serial_shops,
          kennysheep_mini
D:5:      layout_loops_ring, gup_sewer_entry_spiral, serial_shops, shop
D:6:      layout_basic, lightli_corner_chamber, uniq_pikel
D:7:      minmay_s_stair_smasher, layout_loops_ring,
          lemuel_zombie_altar_yredelemnul, nicolae_ru_awakened_eye,
          fedhas_altar_decomposition
D:8:      layout_loops_ring
D:9:      layout_rooms, lightli_temple_of_fire, old_standard_altar, orc_0_dummy,
          the_bakery, nzn_random_ring
D:10:     layout_long_grid, erik_lair_orcish_takeover, minmay_joined_circles
D:11:     layout_irregular_city, uniq_psyche
D:12:     layout_long_grid, minmay_guarded_unrand_prune
Temple:   eino_temple_lava

Skill      XL: |  1  2  3  4  5  6  7  8  9 10 11 12 |
---------------+-------------------------------------+-----
Armour         | 4 5 6 7 8 9 |  9.4
Fighting       | 4 5 6 7 8 |  8.9
Long Blades    | 3 4 5 6 9 10 11 13 14 15 | 15.0
Shields        | 4 5 6 7 9 10 11 | 11.0
Invocations    | 2 4 5 7 |  7.4

Action                   |  1- 3 |  4- 6 |  7- 9 | 10-12 || total
-------------------------+-------+-------+-------+-------++-------
Melee: Long sword        |   120 |   138 |   403 |    51 ||   712
       Headbutt          |    19 |    27 |    90 |   125 ||   261
       Scimitar          |       |       |       |   223 ||   223
       Demon blade       |       |       |       |   232 ||   232
Invok: Heroism           |       |       |     1 |     4 ||     5
  Use: Scroll            |       |    10 |     5 |     8 ||    23
       Potion            |       |       |     2 |     2 ||     4
  Eat: Chunk             |     2 |     7 |    13 |    14 ||    36
       Ration            |       |     1 |       |       ||     1
Armor: Scale mail        |    60 |    35 |    45 |       ||   140
       Chain mail        |       |       |    68 |   130 ||   198
Dodge: Dodged            |    28 |    47 |   101 |    64 ||   240
Block: Kite shield       |    66 |    70 |   232 |   329 ||   697
       Reflection        |       |       |       |    10 ||    10
       Rpst.: Long sword |     5 |    15 |    34 |     3 ||    57
       Scimitar          |       |       |       |     5 ||     5
       Demon blade       |       |       |       |    13 ||    13
